 Dungeon Crawl Stone Soup version 0.30-a0-459-g9104f0fc43 (webtiles) character file.

Game seed: 1824399724566329521

119016 Lobster4 the Convoker (level 17, -12/117 (119) HPs)
             Began as a Human Summoner on Dec 15, 2022.
             Was the Champion of Hepliaklqana.
             Mangled by a +2 dire flail of draining (19 damage)
             ... on level 1 of the Elven Halls.
             The game lasted 02:00:20 (31575 turns).

Lobster4 the Convoker (Human Summoner)             Turns: 31575, Time: 02:00:20

HP:   -12/117 (119) AC: 17    Str:  8    XL:     17   Next: 33%
MP:   10/41         EV: 14    Int: 26    God:    Hepliaklqana [******]
Gold: 1979          SH:  9    Dex: 15    Spells: 19/38 levels left

rFire   + . .      SeeInvis +    R - staff of fire
rCold   + . .      Faith    .    S - +2 buckler
rNeg    + . .      Spirit   .    y - +2 robe {Will+}
rPois   .          Reflect  .    J - +2 helmet {Int+3}
rElec   .          Harm     .    Z - +2 cloak
rCorr   .          Rampage  .    F - +2 pair of gloves
Will    ++...                    K - +2 pair of boots {Stlth+}
Stlth   +++.......               r - amulet of the acrobat
HPRegen 0.39/turn                o - ring of magical power
MPRegen 0.27/turn                U - ring of Yesterday {rC+ rN+ SInv}

@: about to teleport, marked, lightly drained
A: reduced essence
a: Renounce Religion, Recall Ancestor, Ancestor Identity, Transference, Idealise


You were on level 1 of the Elven Halls.
You worshipped Hepliaklqana.
Hepliaklqana was exalted by your worship.
You visited 8 branches of the dungeon, and saw 27 of its levels.
You also visited: Volcano.

You collected 2811 gold pieces.
You spent 832 gold pieces at shops.

Inventory:

Hand Weapons
 a - a +5 short sword of freezing
 b - a +0 sling of flaming
 E - a +3 scimitar of flaming
 M - a +3 dagger of venom
Armour
 c - a +2 robe of the Archmagi
 j - a +0 kite shield
 s - the +2 leather armour of Quantum Leap {Str+5 Int-2 Dex+3}
   (You found it on level 2 of the Dungeon)

   Str:       It affects your strength (+5).
   Int:       It affects your intelligence (-2).
   Dex:       It affects your dexterity (+3).
 y - a +2 robe of willpower (worn)
 F - a +2 pair of gloves (worn)
 J - a +2 helmet of intelligence (worn)
 K - a +2 pair of boots of stealth (worn)
 S - a +2 buckler (worn)
 X - a +1 leather armour of fire resistance
 Z - a +2 cloak (worn)
Magical Staves
 R - a staff of fire (weapon)
Jewellery
 l - a ring of resist corrosion
 o - a ring of magical power (left hand)
 r - an amulet of the acrobat (around neck)
 D - an amulet of reflection
 L - a ring of protection from fire
 N - a ring of flight
 U - the ring of Yesterday (right hand) {rC+ rN+ SInv}
   (You bought it in a shop on level 1 of the Orcish Mines)

   [ring of see invisible]

   rC:        It protects you from cold.
   rN:        It protects you from negative energy.
   SInv:      It lets you see invisible.
Wands
 e - a wand of iceblast (23)
 i - a wand of paralysis (26)
 n - a wand of mindburst (11)
 B - a wand of flame (28)
 O - a wand of quicksilver (3)
 P - a wand of digging (8)
Scrolls
 g - 2 scrolls of amnesia
 h - 2 scrolls of enchant armour
 p - 5 scrolls of enchant weapon
 t - a scroll of poison
 x - 6 scrolls of fog
 A - 4 scrolls of identify
 G - 5 scrolls of teleportation
 H - 2 scrolls of brand weapon
 Q - 3 scrolls of immolation
 Y - 2 scrolls of magic mapping
Potions
 d - 5 potions of brilliance
 f - a potion of resistance
 k - 4 potions of magic
 m - a potion of curing
 q - 3 potions of lignification
 v - 5 potions of flight
 w - a potion of might
 z - a potion of berserk rage
 I - a potion of cancellation
 T - 3 potions of haste
 V - a potion of ambrosia
Miscellaneous
 C - a lightning rod (4/4)


   Skills:
 + Level 11.9 Fighting
 - Level 3.0 Short Blades
 - Level 6.0 Armour
 - Level 6.0 Dodging
 - Level 3.0 Stealth
 + Level 11.6 Shields
 + Level 11.0 Spellcasting
 - Level 3.0 Hexes
 * Level 16.8 Summonings
 + Level 6.0 Translocations
 - Level 8.0 Air Magic
 - Level 6.0 Invocations
 - Level 3.0 Evocations


You had 19 spell levels left.
You knew the following spells:

 Your Spells              Type           Power      Damage    Failure   Level
a - Summon Small Mammal   Summ           100%       N/A       0%          1
b - Call Imp              Summ           80%        N/A       0%          2
c - Call Canine Familiar  Summ           80%        N/A       0%          3
d - Summon Guardian Gole  Hex/Summ       60%        N/A       1%          3
e - Airstrike             Air            27%        2d(4-20)  1%          4
h - Summon Lightning Spi  Summ/Air       68%        N/A       1%          4
z - Blink                 Tloc           90%        N/A       1%          2

Your spell library contained the following spells:

 Spells                   Type           Power      Damage    Failure   Level
 Apportation              Tloc           90%        N/A       1%          1
 Shock                    Conj/Air       100%       1d9       1%          1
 Swiftness                Air            54%        N/A       1%          3
 Animate Armour           Summ/Erth      100%       N/A       1%          4
 Cigotuvi's Dreadful Rot  Necr/Pois/Air  56%        N/A       2%          2
 Magic Dart               Conj           56%        1d5       4%          1
 Necrotise                Necr           56%        1d6       4%          1
 Manifold Assault         Tloc           45%        N/A       4%          4
 Searing Ray              Conj           28%        2d5       8%          2
 Dazzling Flash           Conj/Hex       44%        N/A       8%          3
 Hailstorm                Conj/Ice       14%        3d5       14%         3
 Ozocubu's Armour         Ice            14%        N/A       14%         3
 Silence                  Hex/Air        21%        N/A       14%         5
 Fulminant Prism          Conj/Hex       11%        3d9       26%         4
 Summon Horrible Things   Summ           40%        N/A       32%         8
 Malign Gateway           Summ/Tloc      32%        N/A       36%         7
 Animate Dead             Necr           14%        N/A       43%         4
 Ice Form                 Ice/Tmut       14%        N/A       43%         4
 Metabolic Englaciation   Hex/Ice        11%        N/A       58%         5
 Agony                    Necr           14%        N/A       80%         5
 Alistair's Intoxication  Tmut/Pois      9%         N/A       80%         5
 Borgnjor's Vile Clutch   Necr/Erth      7%         N/A       80%         5
 Death Channel            Necr           7%         N/A       100%        6
 Simulacrum               Ice/Necr       7%         N/A       100%        6
 Storm Form               Tmut/Air       17%        N/A       100%        7


Dungeon Overview and Level Annotations

Branches:
Dungeon (15/15)            Temple (1/1) D:5            Lair (5/5) D:10
  Swamp (1/4) Lair:2       Spider (1/4) Lair:2        Slime (0/5) Lair:5
    Orc (2/2) D:12            Elf (1/3) Orc:2        Vaults (0/5) D:14
 Depths (1/4) D:15        Volcano (visited)

Altars:
Ashenzari
Cheibriados
Dithmenos
Elyvilon
Fedhas
Gozag
Hepliaklqana
Kikubaaqudgha
Makhleb
Nemelex Xobeh
Okawaru
Qazlal
Ru
Sif Muna
Trog
Uskayaw
Vehumet
Wu Jian
Xom
Yredelemnul
Zin
The Shining One
Lugonu

Shops:
D:2 [   D:7 (   Orc:1 =   Orc:2 *:([*

Portals:
Abyss: Lair:5

Annotations:
D:13 2 transporters, sirJeffrey23's ghost, journeyman DrFE
D:15 1 runed translucent door, Carotun's ghost, journeyman FoFi
Elf:1 3 runed translucent doors, freelancePsychic's ghost, adept DsWn; liarliar's ghost, adept DjVM


Message History

You block the +4 glaive of protection's attack.
The deep elf knight points at your crimson imp and mumbles some strange words.
The shard of ice hits your crimson imp!!!
Your crimson imp is frozen!
Your crimson imp dies!
Your crimson imp disappears in a puff of smoke!
The deep elf zephyrmancer casts a spell at you.
The bolt of lightning misses you. You block the deep elf knight's attack.
The deep elf knight shouts!
As you read the scroll of teleportation, it crumbles to dust.
You feel strangely unstable.
The deep elf knight points at you and mumbles some strange words.
The lance of force hits you.
You are knocked back by the lance of force.
You slam into the rock wall!
The +4 glaive of protection hits you from afar!
The deep elf zephyrmancer casts a spell at you.
The bolt of lightning hits you!! You block the deep elf knight's attack.
The deep elf knight closely misses you.
The deep elf knight attacks as you move away!
You block the deep elf knight's attack.
A +2 dire flail of draining and a deep elf zephyrmancer come into view.
The +2 dire flail of draining hits you!!
You partially resist.
You feel drained.
The deep elf knight completely misses you.
The deep elf zephyrmancer casts a spell at you.
The bolt of lightning hits the +2 dire flail of draining.
The +2 dire flail of draining completely resists.
The bolt of lightning misses you.
The bolt of lightning hits the plant!
The plant begins to die.
The deep elf knight hits you with a +0 short sword.
The +4 glaive of protection hits you from afar!!
* * * LOW HITPOINT WARNING * * *
The +2 dire flail of draining closely misses you.
Okay, then.
You feel better.
The deep elf knight hits you with a +0 short sword!
* * * LOW HITPOINT WARNING * * *
The +2 dire flail of draining hits you!!
You die...

⌠...W...⌠# #.#
##'.Rh'## #
P.....W.P# #.#
##.>.## #
?.......?#
###'# #.....# #
#8.....8##
##...## ##...##
# ##.....##
#...# #
#######.......#
##'## ##
ee'..e)...P...#
#.# #.
#####.......#
#.# ##
##..(e@## #.#
#. ##.)e#(##
#.# #.#
######)## #.#
##.# #.# ##.#
#.# .# #e. +#
.# .... .#
..○.. .# .....


You could see 2 deep elf knights, 2 deep elf zephyrmancers and 2 dancing
weapons.

Vanquished Creatures
  Azrael (D:13)
  A centaur warrior (D:13)
  Lodul (D:13)
  An orb spider (Spider:1)
  A necromancer (D:15)
  An orc sorcerer (Orc:2)
  An elephant (Lair:5)
  2 cane toads
  A kobold demonologist (D:12)
  2 blink frogs (Lair:5)
  A wyvern (D:7)
  3 yaks
  A steam dragon (Lair:1)
  3 centaurs (D:13)
  An ogre (D:5)
  A kobold brigand (D:10)
  3 bullfrogs
  2 scorpions (D:5)
  A killer bee (D:6)
  An orc priest (D:7)
  A hound (D:6)
  Jessica (D:3)
  4 orc wizards
  2 adders
  A dart slug (D:5)
  4 orcs (D:12)
  An endoplasm (D:3)
  A giant cockroach (D:1)
  3 goblins
  4 hobgoblins
  3 jackals
  A quokka (D:5)
  2 ball pythons
  A bat (D:2)
  2 frilled lizards
  5 kobolds
  A rat (D:1)
66 creatures vanquished.

Vanquished Creatures (collateral kills)
  A deep elf sorcerer (Elf:1)
  An orc warlord (Orc:2)
  A stone giant (Volcano)
  A deep elf demonologist (Elf:1)
  Nessos (D:13)
  A deep elf death mage (Elf:1)
  A fire dragon (D:14)
  Snorg (D:13)
  Josephine (D:12)
  2 vault guards (D:14)
  A rakshasa (D:15)
  A radroach (Spider:1)
  Erolcha (D:9)
  3 hydras
  A centaur warrior (D:15)
  4 death yaks (Lair:4)
  An alligator (Lair:2)
  4 two-headed ogres
  2 dancing weapons (Elf:1)
  A tengu warrior (D:14)
  3 boulder beetles
  2 thrashing horrors (Lair:5)
  An orc high priest (Orc:2)
  5 deep elf knights (Elf:1)
  A skeletal warrior (D:15)
  A death drake (Swamp:1)
  A bog body (Swamp:1)
  A steelbarb worm (Spider:1)
  Pikel (D:5)
  2 deep elf archers (Elf:1)
  A spark wasp zombie (D:15)
  A phantasmal warrior (D:15)
  10 ugly things
  9 deep elf pyromancers
  5 orc knights
  6 deep elf zephyrmancers (Elf:1)
  3 orc sorcerers
  4 wolf spiders
  3 cyclopes
  A tengu zombie (D:15)
  5 manticores
  A frost giant zombie (D:15)
  11 elephants
  2 black mambas (Lair:5)
  2 molten gargoyles (Volcano)
  A gargoyle (Volcano)
  A smoke demon (Lair:5)
  A spriggan zombie (D:15)
  8 cane toads
  4 rime drakes
  An efreet (Volcano)
  10 komodo dragons
  3 kobold demonologists
  2 tengu conjurers (D:14)
  A freezing wraith (D:15)
  An unseen horror (D:10)
  A guardian mummy (D:15)
  2 ancient zymes (Lair:5)
  11 trolls
  3 meliai (D:13)
  2 polar bears (Lair:4)
  A troll (shapeshifter) (D:13)
  A large abomination (Lair:5)
  2 hornets
  5 tarantellas (Spider:1)
  11 blink frogs
  11 slime creatures
  7 dream sheep (Lair:3)
  A shadow (D:11)
  A water elemental (Elf:1)
  A culicivora (Spider:1)
  52 yaks
  3 vampires
  2 ynoxinuls (Lair:5)
  A spriggan (shapeshifter) (Lair:5)
  7 wraiths
  2 basilisks
  2 fire bats (Volcano)
  A spriggan (Lair:5)
  A wyvern (Lair:2)
  A hog (shapeshifter) (Lair:5)
  A human (D:14)
  8 fire elementals
  2 chaos spawn (Lair:5)
  A human (shapeshifter) (Lair:5)
  2 swamp worms (Swamp:1)
  12 vampire mosquitoes
  2 redbacks (Spider:1)
  3 steam dragons
  10 wargs
  2 acid dragons
  10 water moccasins
  2 hell hounds (D:13)
  A sky beast (D:7)
  3 ice beasts
  3 black bears
  20 orc warriors
  7 ogres
  3 lemures (D:5)
  3 centaurs
  8 small abominations (Lair:5)
  11 kobold brigands
  A phantom (D:7)
  Blork the orc (D:4)
  4 bullfrogs
  3 scorpions (D:4)
  A gnoll sergeant (D:9)
  4 wights (D:7)
  3 howler monkeys (D:7)
  4 lava snakes (Volcano)
  2 electric eels
  2 hounds
  17 orc priests
  4 jellies
  2 iguanas
  A gnoll bouda (D:7)
  27 orc wizards
  Ijyb (D:4)
  11 gnolls
  7 river rats (Lair:5)
  3 adders
  3 shadow imps
  A white imp (D:7)
  A worm (D:2)
  56 orcs
  4 bats
  9 endoplasms
  A giant cockroach (D:1)
  2 goblins (D:1)
  3 hobgoblins
  4 jackals
  41 kobolds
  2 quokkas
  4 ball pythons
  3 frilled lizards
  12 kobold skeletons (D:10)
  6 kobold zombies (D:10)
641 creatures vanquished.

Vanquished Creatures (others)
  Jorgrun (D:15)
  A fenstrider witch (Swamp:1)
  A vault guard (D:14)
  2 centaur warriors (D:13)
  2 death yaks (Lair:4)
  Urug (Orc:2)
  A thrashing horror (Lair:5)
  A spriggan druid (Swamp:1)
  A deep elf archer (Elf:1)
  A lindwurm (Lair:5)
  4 ugly things (D:15)
  An orc sorcerer (Orc:1)
  3 slime creatures
  A manticore (D:14)
  A gargoyle (D:14)
  A yaktaur (D:14)
  3 bloated husks (Swamp:1)
  Prince Ribbit (D:9)
  7 blink frogs
  A spriggan (Swamp:1)
  4 yaks
  2 basilisks (Lair:5)
  A chaos spawn (Lair:5)
  A warg (D:15)
  A hell hound (D:13)
  An orc warrior (Orc:2)
  A centaur (D:13)
  15 knights
  2 orc wizards
  2 hell rats (Lair:5)
  A small abomination (Lair:5)
  2 river rats (Lair:5)
  2 kobolds
  A rat (Lair:5)
  43 fungi
  41 plants
  11 withered plants
166 creatures vanquished.

Grand Total: 873 creatures vanquished

Notes
Turn   | Place    | Note
-------+----------+-------------------------------------------
     0 | D:1      | Lobster4 the Human Summoner began the quest for the Orb.
     0 | D:1      | Reached XP level 1. HP: 13/13 MP: 3/3
   254 | D:1      | Reached XP level 2. HP: 17/19 MP: 1/5
   616 | D:1      | Reached XP level 3. HP: 25/25 MP: 4/6
   619 | D:1      | Learned a level 2 spell: Call Imp
  1138 | D:2      | Identified the +2 leather armour of Quantum Leap {Str+5
                  | Int-2 Dex+3}
  1262 | D:2      | Reached skill level 1 in Fighting
  1322 | D:2      | Reached XP level 4. HP: 32/32 MP: 7/7
  1401 | D:2      | Found a faded altar of an unknown god.
  1620 | D:2      | Found Ragageeh's Armour Boutique.
  2256 | D:3      | Noticed Jessica
  2262 | D:3      | Killed Jessica
  2263 | D:3      | Reached skill level 1 in Armour
  2405 | D:3      | Identified the +2 dagger of Plog {pain, rC- Int+4 Dex+2}
  2475 | D:3      | Learned a level 3 spell: Call Canine Familiar
  2912 | D:4      | Noticed a scorpion
  2971 | D:4      | Reached skill level 1 in Shields
  2986 | D:4      | Noticed Ijyb
  3063 | D:4      | Reached XP level 5. HP: 24/37 MP: 8/8
  3149 | D:4      | Reached skill level 1 in Short Blades
  3149 | D:4      | Reached XP level 6. HP: 43/43 MP: 9/9
  3380 | D:4      | Reached skill level 5 in Summonings
  3539 | D:4      | Noticed Blork the orc
  3551 | D:4      | Killed Blork the orc
  3552 | D:4      | Reached skill level 1 in Evocations
  3552 | D:4      | Reached XP level 7. HP: 15/50 MP: 11/11
  3678 | D:4      | Killed Ijyb
  3788 | D:4      | Learned a level 3 spell: Summon Guardian Golem
  4026 | D:5      | Entered Level 5 of the Dungeon
  4214 | D:5      | Found a radiant altar of Vehumet.
  4242 | D:5      | Found an ancient bone altar of Kikubaaqudgha.
  4305 | D:5      | Noticed Pikel
  4340 | D:5      | Killed Pikel
  4341 | D:5      | Reached skill level 1 in Hexes
  4341 | D:5      | Reached skill level 6 in Summonings
  4341 | D:5      | Reached XP level 8. HP: 58/58 MP: 8/13
  4618 | D:5      | Found a staircase to the Ecumenical Temple.
  4640 | Temple   | Entered the Ecumenical Temple
  4865 | Temple   | Became a worshipper of Hepliaklqana the Forgotten
  4907 | D:5      | Found a glowing golden altar of the Shining One.
  5500 | D:6      | Found a white marble altar of Elyvilon.
  5544 | D:6      | Reached XP level 9. HP: 64/64 MP: 14/14
  5627 | D:6      | Reached * piety under Hepliaklqana
  6033 | D:6      | Reached skill level 7 in Summonings
  6325 | D:7      | Noticed a manticore
  6330 | D:7      | Killed a manticore
  6629 | D:7      | Found a sparkling altar of Nemelex Xobeh.
  6654 | D:7      | Reached ** piety under Hepliaklqana
  6671 | D:7      | Remembered your ancestor Jaydra as a knight
  6677 | D:7      | Learned a level 4 spell: Summon Lightning Spire
  6817 | D:7      | Reached skill level 8 in Summonings
  6817 | D:7      | Reached XP level 10. HP: 65/65 MP: 17/17
  6880 | D:7      | Reached skill level 1 in Air Magic
  6966 | D:7      | Found Pitoov's Weapon Shop.
  7117 | D:2      | Bought a +2 helmet of intelligence for 215 gold pieces
  7579 | D:8      | Reached skill level 5 in Fighting
  7579 | D:8      | Reached skill level 5 in Spellcasting
  8138 | D:9      | Noticed a two-headed ogre
  8143 | D:9      | Killed a two-headed ogre
  8144 | D:9      | Reached skill level 5 in Armour
  8144 | D:9      | Reached skill level 5 in Shields
  8408 | D:9      | Reached skill level 9 in Summonings
  8696 | D:9      | Noticed Prince Ribbit
  8704 | D:9      | Killed Prince Ribbit
  8705 | D:9      | Reached XP level 11. HP: 72/72 MP: 19/19
  9040 | D:9      | Noticed Erolcha
  9044 | D:9      | Killed Erolcha
  9088 | D:9      | Noticed a two-headed ogre
  9095 | D:9      | Killed a two-headed ogre
  9369 | D:10     | Entered Level 10 of the Dungeon
  9570 | D:10     | Found a staircase to the Lair.
  9681 | D:10     | Reached skill level 10 in Summonings
  9847 | D:10     | Found a snail-covered altar of Cheibriados.
  9854 | D:10     | Found a shadowy altar of Dithmenos.
  9901 | D:10     | Found a blossoming altar of Fedhas.
  9926 | D:10     | Reached *** piety under Hepliaklqana
 10100 | D:10     | Found a shimmering blue altar of Sif Muna.
 10366 | D:10     | Found an ancient bone altar of Kikubaaqudgha.
 10374 | D:10     | Reached XP level 12. HP: 80/80 MP: 21/21
 10388 | D:10     | Noticed a soul eater
 10622 | Lair:1   | Entered Level 1 of the Lair of Beasts
 10850 | Lair:1   | Reached skill level 5 in Air Magic
 11135 | Lair:1   | Reached skill level 11 in Summonings
 12088 | Lair:2   | Found a dark tunnel.
 12136 | Volcano  | Entered a volcano
 12308 | Volcano  | Learned a level 4 spell: Airstrike
 12673 | Volcano  | Found a radiant altar of Vehumet.
 12721 | Volcano  | Noticed a stone giant
 12730 | Volcano  | Killed a stone giant
 12731 | Volcano  | Reached skill level 1 in Invocations
 13477 | Lair:2   | Reached skill level 5 in Dodging
 13550 | Lair:2   | Reached XP level 13. HP: 88/88 MP: 21/23
 13605 | Lair:2   | Reached **** piety under Hepliaklqana
 13622 | Lair:2   | Found a hole to the Spider Nest.
 13991 | Lair:2   | Found a staircase to the Swamp.
 14164 | Lair:3   | Noticed an eight-headed hydra
 14352 | Lair:3   | Reached skill level 12 in Summonings
 14415 | Lair:3   | You fall into a shaft and drop 2 floors!
 14415 | Lair:5   | Entered Level 5 of the Lair of Beasts
 14611 | Lair:4   | Noticed a six-headed hydra
 14625 | Lair:4   | Killed a six-headed hydra
 14917 | Lair:3   | Killed an eight-headed hydra
 15447 | Lair:4   | Reached skill level 13 in Summonings
 15447 | Lair:4   | Reached XP level 14. HP: 54/95 MP: 1/26
 15838 | Lair:4   | Reached ***** piety under Hepliaklqana
 17095 | Lair:5   | Found a staircase to the Slime Pits.
 17447 | Lair:5   | Found a corrupted altar of Lugonu.
 17898 | Lair:5   | Reached skill level 14 in Summonings
 17968 | Lair:5   | Found a one-way gate to the infinite horrors of the Abyss.
 18684 | Lair:5   | Upgraded the game from 0.30-a0-458-g86641cc369 to
                  | 0.30-a0-459-g9104f0fc43
 19447 | D:11     | You fall into a shaft and drop 2 floors!
 19488 | D:13     | Found a transporter.
 19488 | D:13     | Noticed sirJeffrey23's ghost (journeyman DrFE)
 19820 | D:12     | Reached XP level 15. HP: 103/103 MP: 28/28
 20176 | D:12     | Found a staircase to the Orcish Mines.
 20376 | D:12     | Found an opulent altar of Gozag.
 20417 | D:12     | Noticed Josephine
 20448 | D:12     | Reached skill level 10 in Fighting
 20455 | D:12     | Killed Josephine
 20830 | D:12     | Learned a level 2 spell: Blink
 21244 | Orc:1    | Entered Level 1 of the Orcish Mines
 21398 | Orc:1    | Found Qedgho's Jewellery Emporium.
 21402 | Orc:1    | Bought the ring of Yesterday {rC+ rN+ SInv} for 398 gold
                  | pieces
 21633 | Orc:2    | Entered Level 2 of the Orcish Mines
 21749 | Orc:1    | Reached skill level 10 in Shields
 21749 | Orc:1    | Reached skill level 1 in Translocations
 21815 | Orc:1    | Reached ****** piety under Hepliaklqana
 21871 | Orc:2    | Found a staircase to the Elven Halls.
 22248 | Orc:2    | Found Zoeqaacw's General Store.
 22328 | Orc:2    | Noticed Urug
 22785 | Orc:2    | Reached skill level 15 in Summonings
 22997 | Orc:2    | Killed Urug
 23010 | Orc:2    | Noticed an orc warlord
 23018 | Orc:2    | Killed an orc warlord
 23098 | Orc:2    | Found Ydir's Book Emporium.
 23105 | Orc:2    | Found Cif Iso's Antique Armour Emporium.
 23216 | Orc:2    | Found Quastod's Antique Weapon Emporium.
 23242 | Orc:2    | Found Viryfiry's General Store.
 23248 | Orc:2    | Bought a scroll of identify for 24 gold pieces
 23265 | Orc:2    | Bought a crystal war axe for 195 gold pieces
 23265 | Orc:2    | Identified the +9 war axe of the Imperium {pain, rN+++
                  | Str-4 Int-4 SInv} (You bought it in a shop on level 2 of
                  | the Orcish Mines)
 23611 | D:13     | Noticed Snorg
 23625 | D:13     | Killed Snorg
 23752 | D:13     | Found a transporter.
 23779 | D:13     | Noticed Nessos
 23789 | D:13     | Noticed Azrael
 23792 | D:13     | Killed Nessos
 23807 | D:13     | Killed Azrael
 24363 | D:13     | Got the Monograph on Charged Mustering
 24374 | D:13     | Noticed Lodul
 24382 | D:13     | Killed Lodul
 25002 | D:14     | Found a shimmering altar of Xom.
 25002 | D:14     | Found a shimmering altar of Xom.
 25002 | D:14     | Found a shimmering altar of Xom.
 25003 | D:14     | Found a shimmering altar of Xom.
 25003 | D:14     | Found a shimmering altar of Xom.
 25003 | D:14     | Found a shimmering altar of Xom.
 25003 | D:14     | Found a shimmering altar of Xom.
 25003 | D:14     | Found a shimmering altar of Xom.
 25097 | D:14     | Reached skill level 10 in Spellcasting
 25107 | D:14     | Found an ancient bone altar of Kikubaaqudgha.
 25150 | D:14     | Reached XP level 16. HP: 111/111 MP: 30/30
 25723 | D:14     | Found a shimmering altar of Xom.
 26321 | D:14     | Found a gate to the Vaults.
 26478 | D:15     | Entered Level 15 of the Dungeon
 26592 | D:15     | Reached skill level 5 in Invocations
 26673 | D:15     | Reached skill level 16 in Summonings
 26704 | D:15     | Noticed Jorgrun
 26958 | D:15     | Noticed Carotun's ghost (journeyman FoFi)
 27186 | D:15     | Found a runed translucent door.
 27217 | D:15     | Found a burning altar of Makhleb.
 27525 | D:15     | Killed Jorgrun
 27774 | D:15     | Found a staircase to the Depths.
 27962 | D:15     | Reached skill level 5 in Translocations
 28351 | Elf:1    | Entered Level 1 of the Elven Halls
 28708 | Elf:1    | Noticed an Executioner
 28727 | Elf:1    | Noticed a deep elf sorcerer
 29393 | Elf:1    | Noticed a Tzitzimitl
 29565 | Spider:1 | Entered Level 1 of the Spider Nest
 29576 | Spider:1 | Reached XP level 17. HP: 109/118 MP: 31/31
 30161 | Depths:1 | Entered Level 1 of the Depths
 30331 | Swamp:1  | Entered Level 1 of the Swamp
 31194 | Elf:1    | Found a runed translucent gate.
 31194 | Elf:1    | Found a runed translucent gate.
 31194 | Elf:1    | Found a runed translucent gate.
 31195 | Elf:1    | Noticed liarliar's ghost (adept DjVM)
 31195 | Elf:1    | Noticed freelancePsychic's ghost (adept DsWn)
 31575 | Elf:1    | Mangled by a +2 dire flail of draining

Illustrated notes

Levels and vault maps discovered:
D:1:      dpeg_arrival_fog, layout_loops_ring
D:2:      minmay_diamond_boxcup, layout_basic, serial_shops,
          nicolae_shop_behind_doors, shapermc_ecumenical_altar_mp_ritualfount
D:3:      layout_loops_corners, uniq_jessica
D:4:      layout_basic, serial_glass, glass_columns_b, glass_columns_c,
          uniq_blork_the_orc, uniq_ijyb
D:5:      layout_rooms, kennysheep_mini_moat, nicolae_tso_carved_into_rock,
          mainiacjoe_overflow_surrounded_room, minmay_temple_entry_mist,
          serial_rivers, chequers_serial_rivers_micro_d,
          chequers_serial_rivers_micro_e, chequers_serial_rivers_micro_c,
          chequers_serial_rivers_micro_d, chequers_serial_rivers_micro_a,
          uniq_pikel
D:6:      layout_loops_corners, mainiacjoe_overflow_chevrons,
          minmay_misc_feat_columns, kennysheep_generic_room_9
D:7:      layout_gridville, mainiacjoe_overflow_brackets, serial_shops, shop
D:8:      layout_cave_pods
D:9:      layout_loops_ring, uniq_erolcha, uniq_prince_ribbit1
D:10:     wander_kiku_kobolds, layout_irregular_city, lemuel_round_altar,
          lemuel_coloured_pillars_altar, grunt_temple_overflow_open
D:11:     lemuel_ice_spiral_2, layout_basic
D:12:     layout_roguey, hiddenorc2_lemuel, nicolae_gozag_seed_capital,
          uniq_josephine
D:13:     layout_gridville, gammafunk_ghost_mausoleum, uniq_lodul, uniq_nessos,
          uniq_azrael, uniq_snorg
D:14:     layout_gridville, grunt_vaults_entry_fortified,
          nicolae_kikubaaqudgha_miasma_corner, xom_shifter_show
D:15:     gammafunk_depths_entry_grave, layout_loops_ring,
          hellmonk_ghost_happy_afterlife, bloody_makhleb, uniq_jorgrun
Temple:   nicolae_temple_figure_eight
Lair:1:   layout_loops_ring
Lair:2:   layout_gridlike, minmay_swamp_entry_swarm,
          spider_nest_entry_web_field, enter_volcano_1
Lair:3:   layout_concentric_octagons
Lair:4:   layout_cave_pods, infiniplex_staircase_pool_2, grunt_megastairs_2,
          lemuel_fruit_tree
Lair:5:   hellmonk_lair_end_abyssal_woods, layout_regular_city,
          nicolae_slime_entry_slimehenge, kennysheep_rathole,
          grunt_megastairs_4, serial_bayou_shore_b, serial_bayou_shore_b,
          serial_bayou_shore_b
Swamp:1:  layout_basic_swamp, evilmike_swamp_ruin_house_4,
          nicolae_swamp_some_circles
Spider:1: layout_spider_delve, nicolae_spider_twisty_arc_passages, uniq_donald
Orc:1:    layout_diamond_mine, basic_altar, serial_shops, nicolae_shop_trees
Orc:2:    grunt_orc_cross, layout_diamond_mine, serial_shops, shop
Elf:1:    layout_geoelf_octagon, gammafunk_ghost_cemetery, minmay_elf_demonology
Depths:1: layout_cave_shapes, grunt_hell_horde,
          nicolae_concentric_dashed_squares_wild, nicolae_shop_i_like_big_books,
          nicolae_sif_muna_little_library, serial_bayou_shore_b

Skill      XL: |  1  2  3  4  5  6  7  8  9 10 11 12 13 14 15 16 17 |
---------------+----------------------------------------------------+-----
Fighting       | 1 2 3 4 5 6 7 8 9 10 11 | 11.9
Armour         | 1 2 3 4 5 6 |  6.0
Shields        | 1 2 3 4 5 6 7 8 9 10 11 | 11.6
Short Blades   | 1 2 3 |  3.0
Summonings     | 5 6 8 9 10 11 13 14 15 16 | 16.8
Stealth        | 3 |  3.0
Evocations     | 1 2 3 |  3.0
Dodging        | 3 5 6 |  6.0
Spellcasting   | 3 4 5 6 7 8 9 10 11 | 11.0
Hexes          | 1 2 3 |  3.0
Air Magic      | 3 4 5 6 8 |  8.0
Invocations    | 1 3 4 6 |  6.0
Translocations | 3 5 6 |  6.0

Action                   |  1- 3 |  4- 6 |  7- 9 | 10-12 | 13-15 | 16-18 || total
-------------------------+-------+-------+-------+-------+-------+-------++-------
Melee: Short sword       |    22 |       |       |    68 |    95 |    24 ||   209
       Unarmed           |     1 |       |       |       |       |       ||     1
       Dagger            |    19 |    41 |    49 |     5 |       |       ||   114
       Punch             |     1 |     1 |       |     1 |       |       ||     3
       Staff             |       |       |       |       |       |    14 ||    14
 Fire: Sling             |    10 |       |       |       |       |       ||    10
 Cast: Summon Small Mamm |    32 |    23 |    44 |   117 |   225 |    87 ||   528
       Call Imp          |     3 |     8 |    22 |    38 |    93 |    47 ||   211
       Call Canine Famil |       |     8 |    20 |    46 |    88 |    66 ||   228
       Summon Guardian G |       |       |       |    22 |    54 |    37 ||   113
       Summon Lightning  |       |       |       |     5 |    32 |    28 ||    65
       Airstrike         |       |       |       |       |    13 |    12 ||    25
       Blink             |       |       |       |       |       |     1 ||     1
Invok: Recall Ancestor   |       |       |     2 |     2 |     7 |     8 ||    19
       Ancestor Life: Kn |       |       |     1 |       |       |       ||     1
Evoke: Wand              |       |       |     1 |     3 |     1 |       ||     5
       Lightning rod     |       |       |       |       |     4 |       ||     4
  Use: Scroll            |       |     5 |     8 |     6 |    14 |    13 ||    46
       Potion            |       |     1 |       |       |     2 |    15 ||    18
 Stab: Sleeping          |     2 |     2 |     2 |     1 |     1 |       ||     8
       Paralysed         |       |       |     2 |       |       |       ||     2
       Distracted        |       |       |     1 |       |     1 |     1 ||     3
Armor: Robe              |    25 |     2 |    16 |    50 |    88 |    80 ||   261
       Steam dragon scal |       |       |       |     1 |       |       ||     1
Dodge: Dodged            |    32 |    23 |    34 |   137 |   314 |   204 ||   744
Block: Buckler           |       |       |       |    26 |   154 |    99 ||   279

Table legend: (Time is in decaauts)
 A = Elapsed time spent in this place.
 B = Non-inter-level travel time spent in this place.
 C = Inter-level travel time spent in this place.
 D = Time resting spent in this place.
 E = Time spent auto-exploring this place.
 F = Levels seen in this place.
 G = Mean time per level.
                   A        B        C        D        E       F      G
               +--------+--------+--------+--------+--------+-----+--------+
         Total |  31609 |  29529 |   2080 |   4506 |  17288 |  28 | 1128.9 |
       Dungeon |  18151 |  16995 |   1156 |   1424 |  11306 |  15 | 1210.1 |
        Temple |    235 |    209 |     26 |      0 |    206 |   1 |  235.0 |
          Lair |   7780 |   7208 |    572 |   1358 |   4237 |   5 | 1556.0 |
         Swamp |    248 |    248 |      0 |     81 |     67 |   1 |  248.0 |
   Spider Nest |    252 |    252 |      0 |     53 |     50 |   1 |  252.0 |
  Orcish Mines |   2714 |   2402 |    312 |    778 |   1019 |   2 | 1357.0 |
   Elven Halls |   1016 |   1005 |     11 |    410 |    131 |   1 | 1016.0 |
        Depths |      9 |      9 |      0 |      0 |      0 |   1 |    9.0 |
       Volcano |   1200 |   1200 |      0 |    402 |    272 |   1 | 1200.0 |
               +--------+--------+--------+--------+--------+-----+--------+

Top non-repeatable levels by time:
  Lair:5: 2546 daAuts
    D:13: 1918 daAuts
  Lair:2: 1752 daAuts
    D:12: 1620 daAuts
    D:15: 1615 daAuts
   Orc:2: 1603 daAuts
    D:14: 1593 daAuts
  Lair:1: 1432 daAuts
     D:9: 1358 daAuts
  Lair:4: 1253 daAuts
    D:10: 1231 daAuts
 Volcano: 1200 daAuts
   Orc:1: 1111 daAuts
     D:4: 1081 daAuts
     D:6: 1070 daAuts
